 Dungeon Crawl Stone Soup version 0.28-a0-687-gb91baff9cc (webtiles) character file.

Game seed: 12599890788948132417

20 Dvallin the Caller (level 2, 19/19 HPs)
             Began as a Merfolk Summoner on Oct 20, 2021.
             Quit the game on level 1 of the Dungeon.
             The game lasted 00:01:40 (611 turns).

Dvallin the Caller (Merfolk Summoner)                Turns: 611, Time: 00:01:41

Health: 19/19      AC:  2    Str:  8    XL:     2   Next: 79%
Magic:  3/5        EV: 12    Int: 14    God:
Gold:   13         SH:  0    Dex: 14    Spells: 4/5 levels left

rFire   . . .      SeeInvis .   b - +0 dagger
rCold   . . .      Faith    .   (no shield)
rNeg    . . .      Spirit   .   a - +0 robe
rPois   .          Reflect  .   (no helmet)
rElec   .          Harm     .   (no cloak)
rCorr   .          Rampage  .   (no gloves)
Will    .....                   (no boots)
Stlth   ++........              (no amulet)
HPRegen 0.06/turn               (no ring)
MPRegen 0.09/turn               (no ring)

@: no status effects
A: (nimble swimmer 2), mertail
a: no special abilities


You were on level 1 of the Dungeon.
You visited 1 branch of the dungeon, and saw 1 of its levels.

You collected 13 gold pieces.

Inventory:

Hand Weapons
 b - a +0 dagger (weapon)
Armour
 a - a +0 robe (worn)


   Skills:
 + Level 2.6 Dodging
 + Level 2.1 Stealth
 - Level 0.1 Unarmed Combat
 + Level 2.2 Spellcasting
 + Level 4.6 Summonings


You had 4 spell levels left.
You knew the following spells:

 Your Spells              Type           Power      Damage    Failure   Level
a - Summon Small Mammal   Summ           56%        N/A       3%          1

Your spell library contained the following spells:

 Spells                   Type           Power      Damage    Failure   Level
 Call Imp                 Summ           14%        N/A       5%          2
 Call Canine Familiar     Summ           14%        N/A       11%         3
 Summon Guardian Golem    Hex/Summ       8%         N/A       26%         3
 Summon Lightning Spire   Summ/Air       8%         N/A       65%         4


Dungeon Overview and Level Annotations

Branches:
Dungeon (1/15)

Altars:


Innate Abilities, Weirdness & Mutations

((You are quick and stealthy near water. (Stealth+, EV+, Speed+++)))
Your lower body shifts to a powerful aquatic tail in water.


Message History

Your quokka closely misses the goblin.
The goblin hits your quokka with a +0 dagger.
Your quokka completely misses the goblin.
The goblin misses your quokka.
Your quokka bites the goblin. x2
The goblin dies!
Unknown command.
You swap places.
You see here a +0 whip.
You see here a +0 dagger.
You see here a +0 hand axe of distortion.
You swap places.
You see here a +0 hand axe of distortion.
You see here a +0 dagger.
b - a +0 dagger
b - a +0 dagger (weapon)
Your quokka disappears in a puff of smoke!
Found a hunting sling.
Found a faded altar of an unknown god.
Found a hunting sling.
There is a faded altar of an unknown god here.
You see here a -2 hunting sling.
A kobold comes into view. It is wielding a +0 dagger.
Casting: Summon Small Mammal (safe; 3% risk of failure)
Confirm with . or Enter, or press ? or * to list all spells.
Casting: Summon Small Mammal (safe; 3% risk of failure)
Confirm with . or Enter, or press ? or * to list all spells.
You swap places.
What are your orders? t - Shout!
Orders for allies: a - Attack new target. r - Retreat! s - Stop attacking. g - Guard the area. f - Follow me.
Anything else - Cancel.
Gang up on whom?
Press: ? - help, Dir - move target, f - kobold
Aim: a kobold, wielding a +0 dagger (asleep) Attack!
The kobold shouts!
A goblin comes into view. It is wielding a +0 dagger.
Are you sure you want to abandon this character and quit the game? (Confirm with "yes".)

#. #g #.#.# #. #.
#...#.#.# #K##
#.##..##.#.# #...
..........# #..#
#.#..# #..# #..#
##.#..###..##
#.r####............
#.@.r...#..####..#.
###.####..)....)..##
#...# ##.###.##.##
#.### #.## ##.#†###
#.# #.# #......
#.######.## ##.#.###
#.##...##.###.......
#..#..........##....
##)._..####.########


You could see a goblin, a kobold (ally target) and 2 friendly rats.

Vanquished Creatures (collateral kills)
  A gnoll (D:1)
  A ball python (D:1)
  An endoplasm (D:1)
  2 goblins (D:1)
  2 hobgoblins (D:1)
  A bat (D:1)
  A frilled lizard (D:1)
  A rat (D:1)
10 creatures vanquished.

Notes
Turn   | Place    | Note
-------+----------+-------------------------------------------
     0 | D:1      | Dvallin the Merfolk Summoner began the quest for the Orb.
     0 | D:1      | Reached XP level 1. HP: 13/13 MP: 3/3
   237 | D:1      | Reached XP level 2. HP: 2/19 MP: 1/5
   582 | D:1      | Found a faded altar of an unknown god.
   611 | D:1      | Quit the game

Illustrated notes

Levels and vault maps discovered:
D:1:      dpeg_arrival_rooms_a, layout_loops_ring,
          ebering_ecumenical_altar_rust, nrook_uturn, st_stairs_13,
          lemuel_old_faithful

Action                   || total
-------------------------++-------
Melee: Unarmed           ||    19
 Cast: Summon Small Mamm ||    17
Dodge: Dodged            ||    15

Table legend: (Time is in decaauts)
 A = Elapsed time spent in this place.
 B = Non-inter-level travel time spent in this place.
 C = Inter-level travel time spent in this place.
 D = Time resting spent in this place.
 E = Time spent auto-exploring this place.
 F = Levels seen in this place.
 G = Mean time per level.
                   A        B        C        D        E       F      G
               +--------+--------+--------+--------+--------+-----+--------+
         Total |    610 |    610 |      0 |      0 |    485 |   1 |  610.0 |
       Dungeon |    610 |    610 |      0 |      0 |    485 |   1 |  610.0 |
               +--------+--------+--------+--------+--------+-----+--------+

Top non-repeatable levels by time:
     D:1: 610 daAuts
